AoeStats
← Andor2002

MegaRandom

505836038Analyzed
1v1 RM · 22d ago on Sep 11, 2026· 54m 13s· 2 players
Game mode
Random Map
Map size
Tiny (2 player)
Population
200
Speed
Normal
Resources
Standard
Victory
Conquest
Starting age
Dark Age
Ending age
Imperial Age
RankedLock teamsTeams togetherTeam positionsShared explorationLock speedFull tech treeHidden civsTurbo modeCheats
Victory
Defeat
🇳🇱 Huns · Netherlands
997
+17
🇧🇷 Persians · Brazil
1027
-17
Andor2002
4:10 Loom
5:02 Loom
10:53 Feudal Age
11:44 Double-Bit Axe
16:16 Bloodlines
18:18 Forging
18:14 Scale Barding Armor
22:30 Castle Age
22:25 Fletching
33:02 Wheelbarrow
37:16 Light Cavalry
38:46 Bodkin Arrow
40:08 Padded Archer Armor
41:00 Thumb Ring
44:52 Imperial Age
41:58 Light Cavalry
44:11 Bloodlines
45:20 Heavy Cavalry Archer
48:03 Stone Mining
51:28 Hand Cart
Breakevenz
3:51 Loom
15:19 Feudal Age
16:23 Double-Bit Axe
24:34 Castle Age
22:40 Horse Collar
24:05 Scale Barding Armor
32:27 Fletching
35:27 Chain Barding Armor
36:37 Husbandry
43:55 Bloodlines
50:35 Imperial Age
51:39 Light Cavalry
Connection lost

Rejoining the realm…

Still unreachable

The connection could not be restored.

Session expired

The server has moved on; the page needs a fresh start.